MID
LAKEWOOD BLUECLAWS @ AUGUSTA GREENJACKETS
05/21/2048
 
TOP OF THE 1ST
Lakewood BlueClaws batting - Pitching for Augusta GreenJackets : RHP Josh Henderson
Pitching: RHP Josh Henderson
Batting: RHB Bryan Alfaro 0-0: Swinging Strike
0-1: Foul Ball, location: 2F
0-2: Ball
1-2: Foul Ball, location: 2F
1-2: Ball
2-2: Ball
3-2: Strikes out looking
Batting: RHB Mike Bell 0-0: Ball
1-0: Called Strike
1-1: Ground out 4-3 (Groundball, 4MS, EV 90.0 MPH)
Batting: RHB Victor Arias 0-0: Called Strike
0-1: Ground out 4-3 (Groundball, 4, EV 81.9 MPH)
Top of the 1st over - 0 runs, 0 hits, 0 errors, 0 left on base; Lakewood 0 - Augusta 0
BOTTOM OF THE 1ST
Augusta GreenJackets batting - Pitching for Lakewood BlueClaws : RHP Josh Howell
Pitching: RHP Josh Howell
Batting: RHB Ryan Bentz 0-0: Swinging Strike
0-1: Swinging Strike
0-2: Ball
1-2: Foul Ball, location: 2F
1-2: Ball
2-2: Ball
3-2: Foul Ball, location: 2F
3-2: Foul Ball, location: 2F
3-2: Foul Ball, location: 2F
3-2: SINGLE (Flyball, 8LS, EV 89.4 MPH)
Batting: RHB Armando Ramirez 0-0: Called Strike
Ryan Bentz is caught stealing 2nd base 2-4
0-1: Ball
1-1: Called Strike
1-2: Foul Ball, location: 2F
1-2: Foul Ball, location: 2F
1-2: Strikes out looking
Batting: LHB Mike Roberts 0-0: Foul Ball, location: 2F
0-1: Fly out, F7 (Flyball, 78S, EV 91.2 MPH)
Bottom of the 1st over - 0 runs, 1 hit, 0 errors, 0 left on base; Lakewood 0 - Augusta 0
TOP OF THE 2ND
Lakewood BlueClaws batting - Pitching for Augusta GreenJackets : RHP Josh Henderson
Batting: LHB Joel Moore 0-0: Ball
1-0: Foul Ball, location: 2F
1-1: Fly out, F7 (Line Drive, 7D, EV 89.4 MPH)
Batting: RHB Trent Hedrick 0-0: Ball
1-0: Called Strike
1-1: Ball
2-1: SINGLE (Groundball, 25, EV 53.1 MPH) (infield hit)
Batting: RHB Vaclav Been 0-0: Called Strike
0-1: Called Strike
0-2: Ball
1-2: Fly out, F8 (Flyball, 8LM, EV 85.6 MPH)
Batting: RHB Josh Baker 0-0: Ball
Trent Hedrick steals 2nd base
1-0: Called Strike
1-1: Foul Ball, location: 2F
1-2: Ball
2-2: Ball
3-2: Foul Ball, location: 2F
3-2: 2-RUN HOME RUN (Flyball, 7D, EV 94.4 MPH), Distance : 372 ft
Batting: RHB Johnny Burroughs 0-0: Ball
1-0: Ball
2-0: Ball
3-0: Called Strike
3-1: SINGLE (Groundball, 6D, EV 109.4 MPH)
Batting: RHB Cory Bonham 0-0: Called Strike
0-1: Ball
1-1: Reached on error, E4 (Groundball, 4, EV 107.5 MPH)
Johnny Burroughs to second
Batting: RHB Bryan Alfaro 0-0: Called Strike
0-1: SINGLE (Line Drive, 6MD, EV 95.0 MPH)
Johnny Burroughs to third
Cory Bonham to second
Batting: RHB Mike Bell 0-0: Ball
1-0: Ball
2-0: Swinging Strike
2-1: Fly out, F6 (Line Drive, 6, EV 73.1 MPH)
Top of the 2nd over - 2 runs, 4 hits, 1 error, 3 left on base; Lakewood 2 - Augusta 0
BOTTOM OF THE 2ND
Augusta GreenJackets batting - Pitching for Lakewood BlueClaws : RHP Josh Howell
Batting: LHB Oscar Tamayo 0-0: Called Strike
0-1: Swinging Strike
0-2: Strikes out swinging
Batting: RHB Ryan Roberts 0-0: Ball
1-0: Ground out 6-3 (Groundball, 6, EV 100.6 MPH)
Batting: LHB Alex Larangho 0-0: Called Strike
0-1: Ball
1-1: Called Strike
1-2: Hit by Pitch
Batting: RHB Tsugio Yamaguchi 0-0: Fly out, F8 (Line Drive, 89D, EV 92.5 MPH)
Bottom of the 2nd over - 0 runs, 0 hits, 0 errors, 1 left on base; Lakewood 2 - Augusta 0
TOP OF THE 3RD
Lakewood BlueClaws batting - Pitching for Augusta GreenJackets : RHP Josh Henderson
Batting: RHB Victor Arias 0-0: Ball
1-0: Ground out 3-1 (Groundball, 34, EV 99.4 MPH)
Batting: LHB Joel Moore 0-0: Ball
1-0: SINGLE (Line Drive, 6M, EV 95.0 MPH)
Batting: RHB Trent Hedrick 0-0: Ball
Joel Moore steals 2nd base
1-0: Ball
2-0: Ball
3-0: Base on Balls
Batting: RHB Vaclav Been 0-0: Ball
1-0: Called Strike
1-1: Ball
2-1: Ball
3-1: Base on Balls
Joel Moore to third
Trent Hedrick to second
Batting: RHB Josh Baker 0-0: Ball
1-0: Foul Ball, location: 2F
1-1: Called Strike
1-2: Ball
2-2: SINGLE (Groundball, 5D, EV 101.9 MPH)
Joel Moore scores
Trent Hedrick to third
Vaclav Been to second
Runner from 3rd tries for Home, SAFE, throw by LF to home
Batting: RHB Johnny Burroughs 0-0: Ball
1-0: Grounds out, U3 (Groundball, 3L, EV 100.0 MPH)
Vaclav Been to third
Batting: RHB Cory Bonham 0-0: Ball
1-0: Called Strike
1-1: Swinging Strike
1-2: Strikes out swinging
Top of the 3rd over - 2 runs, 2 hits, 0 errors, 2 left on base; Lakewood 4 - Augusta 0
BOTTOM OF THE 3RD
Augusta GreenJackets batting - Pitching for Lakewood BlueClaws : RHP Josh Howell
Batting: RHB Teruhide Horiuchi 0-0: Ground out 5-3 (Groundball, 56, EV 86.2 MPH)
Batting: RHB Chris Kulik 0-0: Called Strike
0-1: Foul Ball, location: 2F
0-2: Foul Ball, location: 2F
0-2: Ball
1-2: Strikes out swinging
Batting: RHB Ryan Bentz 0-0: Ball
1-0: Ball
2-0: Called Strike
2-1: Fly out, F9 (Flyball, 9, EV 88.8 MPH)
Bottom of the 3rd over - 0 runs, 0 hits, 0 errors, 0 left on base; Lakewood 4 - Augusta 0
TOP OF THE 4TH
Lakewood BlueClaws batting - Pitching for Augusta GreenJackets : RHP Josh Henderson
Batting: RHB Bryan Alfaro 0-0: Called Strike
0-1: Ball
1-1: Foul Ball, location: 2F
1-2: Foul Ball, location: 2F
1-2: Ball
2-2: Ball
3-2: Base on Balls
Pitching: RHP Eddie Ramirez
Batting: RHB Mike Bell 0-0: Ball
1-0: Called Strike
Bryan Alfaro steals 2nd base
1-1: Swinging Strike
1-2: Fly out, F7 (Flyball, 7S, EV 79.4 MPH)
Batting: RHB Victor Arias 0-0: Called Strike
0-1: Ball
1-1: Ball
2-1: Ground out 5-3 (Groundball, 56, EV 105.0 MPH)
Batting: LHB Joel Moore 0-0: Called Strike
0-1: TRIPLE (Line Drive, 78XD, EV 105.0 MPH)
Bryan Alfaro scores
Batting: RHB Trent Hedrick 0-0: Ground out 6-3 (Groundball, 6S, EV 95.0 MPH)
Top of the 4th over - 1 run, 1 hit, 0 errors, 1 left on base; Lakewood 5 - Augusta 0
BOTTOM OF THE 4TH
Augusta GreenJackets batting - Pitching for Lakewood BlueClaws : RHP Josh Howell
Batting: RHB Armando Ramirez 0-0: Foul Ball, location: 2F
0-1: Foul Ball, location: 2F
0-2: SINGLE (Groundball, 4MD, EV 101.9 MPH) (infield hit)
Batting: LHB Mike Roberts 0-0: Ball
1-0: Ball
Armando Ramirez steals 2nd base
2-0: Ball
3-0: Base on Balls
Batting: LHB Oscar Tamayo 0-0: Ball
1-0: Called Strike
1-1: Fly out, F9 (Line Drive, 9, EV 105.0 MPH)
Batting: RHB Ryan Roberts 0-0: Ball
1-0: Called Strike
1-1: Ball
2-1: Ball
3-1: Called Strike
3-2: Fielders Choice at 2nd, 5-4 (Groundball, 56, EV 105.0 MPH)
Armando Ramirez to third
Batting: LHB Alex Larangho 0-0: Swinging Strike
0-1: Foul Ball, location: 2F
0-2: Strikes out swinging
Bottom of the 4th over - 0 runs, 1 hit, 0 errors, 2 left on base; Lakewood 5 - Augusta 0
TOP OF THE 5TH
Lakewood BlueClaws batting - Pitching for Augusta GreenJackets : RHP Eddie Ramirez
Batting: RHB Vaclav Been 0-0: Ball
1-0: Ball
2-0: Swinging Strike
2-1: Ball
3-1: SINGLE (Groundball, 4M, EV 105.6 MPH) (infield hit)
Batting: RHB Josh Baker 0-0: Foul Ball, location: 2F
0-1: Called Strike
0-2: Strikes out swinging
Batting: RHB Johnny Burroughs 0-0: Ball
1-0: Ball
2-0: Ball
3-0: Called Strike
3-1: Base on Balls
Vaclav Been to second
Batting: RHB Cory Bonham 0-0: 3-RUN HOME RUN (Flyball, 7D, EV 96.9 MPH), Distance : 385 ft
Batting: RHB Bryan Alfaro 0-0: Called Strike
0-1: Swinging Strike
0-2: Strikes out looking
Batting: RHB Mike Bell 0-0: Ball
1-0: Called Strike
1-1: Ball
2-1: Called Strike
2-2: DOUBLE (Groundball, 5L, EV 98.1 MPH)
Batting: RHB Victor Arias 0-0: Ball
1-0: Called Strike
1-1: Ball
2-1: Ball
3-1: Base on Balls
Batting: LHB Joel Moore 0-0: Ball
1-0: Ground out 5-3 (Groundball, 56, EV 102.5 MPH)
Top of the 5th over - 3 runs, 3 hits, 0 errors, 2 left on base; Lakewood 8 - Augusta 0
BOTTOM OF THE 5TH
Augusta GreenJackets batting - Pitching for Lakewood BlueClaws : RHP Josh Howell
Batting: RHB Tsugio Yamaguchi 0-0: Ground out 4-3 (Groundball, 4M, EV 96.2 MPH)
Batting: RHB Teruhide Horiuchi 0-0: Ball
1-0: Ground out 6-3 (Groundball, 6, EV 86.2 MPH)
Batting: RHB Chris Kulik 0-0: Ball
1-0: Foul Ball, location: 2F
1-1: Swinging Strike
1-2: Strikes out swinging
Bottom of the 5th over - 0 runs, 0 hits, 0 errors, 0 left on base; Lakewood 8 - Augusta 0
TOP OF THE 6TH
Lakewood BlueClaws batting - Pitching for Augusta GreenJackets : RHP Eddie Ramirez
Pitching: RHP Sanya Mikushevich
Batting: RHB Trent Hedrick 0-0: Fly out, F3 (Line Drive, 3L, EV 65.0 MPH)
Batting: RHB Vaclav Been 0-0: Called Strike
0-1: Swinging Strike
0-2: Ball
1-2: Strikes out looking
Batting: RHB Josh Baker 0-0: Called Strike
0-1: Ball
1-1: Foul Ball, location: 2F
1-2: Foul Ball, location: 2F
1-2: Foul Ball, location: 2F
1-2: Ground out 6-3 (Groundball, 6M, EV 101.2 MPH)
Top of the 6th over - 0 runs, 0 hits, 0 errors, 0 left on base; Lakewood 8 - Augusta 0
BOTTOM OF THE 6TH
Augusta GreenJackets batting - Pitching for Lakewood BlueClaws : RHP Josh Howell
Batting: RHB Ryan Bentz 0-0: Ball
1-0: Foul Ball, location: 2F
1-1: SINGLE (Groundball, 13S, EV 61.9 MPH) (infield hit)
Batting: RHB Armando Ramirez 0-0: Called Strike
Ryan Bentz steals 2nd base
0-1: Ball
Ryan Bentz steals 3rd base
1-1: Foul Ball, location: 2F
1-2: Fly out, F9 (Flyball, 9, EV 95.0 MPH)
Runner from 3rd tags up, SCORES, no throw by RF
Batting: LHB Mike Roberts 0-0: Called Strike
0-1: Ball
1-1: Ground out 4-3 (Groundball, 4, EV 110.6 MPH)
Batting: LHB Oscar Tamayo 0-0: Ball
1-0: Foul Ball, location: 2F
1-1: Called Strike
1-2: Ball
2-2: Hit by Pitch
Batting: RHB Ryan Roberts 0-0: Hit by Pitch
Oscar Tamayo to second
Batting: LHB Alex Larangho 0-0: Swinging Strike
0-1: Ball
1-1: Fly out, F6 (Line Drive, 6, EV 63.8 MPH)
Bottom of the 6th over - 1 run, 1 hit, 0 errors, 2 left on base; Lakewood 8 - Augusta 1
TOP OF THE 7TH
Lakewood BlueClaws batting - Pitching for Augusta GreenJackets : RHP Sanya Mikushevich
Batting: RHB Johnny Burroughs 0-0: Ball
1-0: Foul Ball, location: 2F
1-1: Swinging Strike
1-2: Strikes out looking
Batting: RHB Cory Bonham 0-0: Ball
1-0: Ball
2-0: Ball
3-0: Called Strike
3-1: Swinging Strike
3-2: Strikes out swinging
Batting: RHB Bryan Alfaro 0-0: Foul Ball, location: 2F
0-1: Ball
1-1: Called Strike
1-2: Strikes out swinging
Top of the 7th over - 0 runs, 0 hits, 0 errors, 0 left on base; Lakewood 8 - Augusta 1
BOTTOM OF THE 7TH
Augusta GreenJackets batting - Pitching for Lakewood BlueClaws : RHP Josh Howell
Batting: RHB Tsugio Yamaguchi 0-0: SINGLE (Line Drive, 89M, EV 102.5 MPH)
Batting: RHB Teruhide Horiuchi 0-0: Ball
Tsugio Yamaguchi steals 2nd base (no throw)
1-0: Ground out 4-3 (Groundball, 4S, EV 71.9 MPH)
Tsugio Yamaguchi to third
Pitching: RHP Jeff van Schaik
Batting: RHB Chris Kulik 0-0: Foul Ball, location: 2F
0-1: Ball
1-1: Foul Ball, location: 2F
1-2: Ball
2-2: Strikes out swinging
Batting: RHB Ryan Bentz 0-0: Ball
1-0: Foul Ball, location: 2F
1-1: Ball
2-1: Ball
3-1: Foul Ball, location: 2F
3-2: Base on Balls
Batting: RHB Armando Ramirez 0-0: Ball
Ryan Bentz steals 2nd base (no throw)
1-0: Ball
2-0: Foul Ball, location: 2F
2-1: Ball
3-1: Base on Balls
Pinch Hitting: LHB Takaaki Nishimoto 0-0: Ball
1-0: Swinging Strike
1-1: Ball
2-1: Foul Ball, location: 2F
2-2: Strikes out swinging
Bottom of the 7th over - 0 runs, 1 hit, 0 errors, 3 left on base; Lakewood 8 - Augusta 1
TOP OF THE 8TH
Lakewood BlueClaws batting - Pitching for Augusta GreenJackets : RHP Sanya Mikushevich
Now at 1B: Takaaki Nishimoto
Pinch Hitting: LHB Matt Urbanek 0-0: Called Strike
0-1: Fly out, F8 (Flyball, 8LXD, EV 89.4 MPH)
Batting: RHB Victor Arias 0-0: Ball
1-0: Ball
2-0: Ground out 5-3 (Groundball, 5S, EV 63.8 MPH)
Batting: LHB Joel Moore 0-0: Foul Ball, location: 2F
0-1: Foul Ball, location: 2F
0-2: SINGLE (Line Drive, 8LS, EV 113.1 MPH)
Batting: RHB Trent Hedrick 0-0: Fly out, F8 (Line Drive, 8RD, EV 92.5 MPH)
Top of the 8th over - 0 runs, 1 hit, 0 errors, 1 left on base; Lakewood 8 - Augusta 1
BOTTOM OF THE 8TH
Augusta GreenJackets batting - Pitching for Lakewood BlueClaws : RHP Jeff van Schaik
Now in CF: Matt Urbanek
Batting: LHB Oscar Tamayo 0-0: Foul Ball, location: 2F
0-1: Ball
1-1: Ball
2-1: Foul Ball, location: 2F
2-2: Ball
3-2: Fly out, F8 (Flyball, 8LS, EV 72.5 MPH)
Pitching: RHP Alec Guglielmo
Pinch Hitting: RHB Mike Storey 0-0: Ball
1-0: Called Strike
1-1: Foul Ball, location: 2F
1-2: Ball
2-2: Fly out, F8 (Flyball, 8LD, EV 100.6 MPH)
Batting: LHB Alex Larangho 0-0: Ball
1-0: Called Strike
1-1: Swinging Strike
1-2: Strikes out swinging
Bottom of the 8th over - 0 runs, 0 hits, 0 errors, 0 left on base; Lakewood 8 - Augusta 1
TOP OF THE 9TH
Lakewood BlueClaws batting - Pitching for Augusta GreenJackets : RHP Sanya Mikushevich
Now in LF: Mike Storey
Now in RF: Teruhide Horiuchi
Pinch Hitting: SHB Steve DeRienzo 0-0: Called Strike
0-1: Ball
1-1: Ball
2-1: Fly out, F8 (Flyball, 89M, EV 91.9 MPH)
Batting: RHB Josh Baker 0-0: Swinging Strike
0-1: Ball
1-1: Ball
2-1: Swinging Strike
2-2: Foul Ball, location: 2F
2-2: Strikes out looking
Pitching: RHP Ricky Fo
Pinch Hitting: SHB Dana Guthrie 0-0: Ball
1-0: Fly out, F8 (Flyball, 8RD, EV 106.9 MPH)
Top of the 9th over - 0 runs, 0 hits, 0 errors, 0 left on base; Lakewood 8 - Augusta 1
BOTTOM OF THE 9TH
Augusta GreenJackets batting - Pitching for Lakewood BlueClaws : RHP Alec Guglielmo
Now at C: Dana Guthrie
Now in RF: Steve DeRienzo
Batting: RHB Tsugio Yamaguchi 0-0: Called Strike
0-1: Ball
1-1: Foul Ball, location: 2F
1-2: Foul Ball, location: 2F
1-2: Ball
2-2: Foul Ball, location: 2F
2-2: Ground out 5-3 (Groundball, 5, EV 76.9 MPH)
Batting: RHB Teruhide Horiuchi 0-0: Ground out 6-3 (Groundball, 6, EV 98.8 MPH)
Batting: RHB Chris Kulik 0-0: Foul Ball, location: 2F
0-1: DOUBLE (Groundball, 5L, EV 111.2 MPH)
Batting: RHB Ryan Bentz 0-0: Ball
1-0: TRIPLE (Groundball, 3L, EV 105.0 MPH)
Chris Kulik scores
Batting: RHB Armando Ramirez 0-0: Ground out 4-3 (Groundball, 4, EV 101.9 MPH)
Bottom of the 9th over - 1 run, 2 hits, 0 errors, 1 left on base; Lakewood 8 - Augusta 2
Tuesday, March 28th , 2023 - OOTP Baseball 23.10 Build 110